 Dungeon Crawl Stone Soup version 0.27-a0-1060-gcb85b5eba1 (webtiles) character file.

Game seed: 8547816940826451874

55 dduke234 the Cutter (level 3, 0/19 HPs)
             Began as a Spriggan Chaos Knight on Apr 21, 2021.
             Was a Plaything of Xom.
             Killed from afar by Sigmund (11 damage)
             ... with a puff of flame
             ... on level 2 of the Dungeon.
             The game lasted 00:02:38 (1912 turns).

dduke234 the Cutter (Spriggan Chaos Knight)         Turns: 1912, Time: 00:02:41

Health: 0/19       AC:  4    Str:  8    XL:     3   Next: 67%
Magic:  4/4        EV: 18    Int: 13    God:    Xom [..*...]
Gold:   32         SH:  0    Dex: 15    Spells: 2/2 levels left

rFire    . . .     SeeInvis +   a - +0 short sword (chaos)
rCold    . . .     Faith    .   (shield restricted)
rNeg     . . .     Spirit   .   b - +2 robe
rPois    .         Reflect  .   (helmet restricted)
rElec    .         Harm     .   (no cloak)
rCorr    .         Rampage  .   (gloves unavailable)
Will     .....                  (boots unavailable)
Stlth    ++........             (no amulet)
HPRegen  0.06/turn              (no ring)
MPRegen  0.09/turn              (no ring)

@: attractive, very quick
A: very small, no large weapons, unfitting armour, see invisible, speed 3
a: Renounce Religion


You were on level 2 of the Dungeon.
You worshipped Xom.
You were a toy of Xom.
You visited 1 branch of the dungeon, and saw 2 of its levels.

You collected 32 gold pieces.

Inventory:

Hand Weapons
 a - a +0 short sword of chaos (weapon)
Armour
 b - a +2 robe (worn)
Jewellery
 h - a ring of wizardry
Scrolls
 c - a scroll of enchant weapon {unknown}
 e - a scroll of fog {unknown}
 f - a scroll of noise {unknown}
Potions
 g - a potion of attraction


   Skills:
 - Level 2.4 Fighting
 * Level 4.5 Short Blades
 * Level 3.9 Dodging
 * Level 2.1 Stealth


You had 2 spell levels left.
You didn't know any spells.
Your spell library was empty.

Dungeon Overview and Level Annotations

Branches:
Dungeon (2/15)

Altars:

Annotations:
D:2 Sigmund


Innate Abilities, Weirdness & Mutations

You are very small and have problems with some larger weapons.
You are too small for most types of armour.
You have supernaturally acute eyesight. (SInv)
You cover ground extremely quickly. (Speed+++)


Message History

You resist with some effort.
You hit Sigmund.
Sigmund is moderately wounded.
Sigmund hits you with a +0 scythe!
You are too injured to fight recklessly!
You are too injured to fight recklessly!
It was a potion of attraction.
You feel attractive to monsters. Sigmund hits you with a +0 scythe.
It was a potion of curing.
You feel better.
Xom roars with laughter!
Xom's power flows through you! Sigmund barely misses you.
You barely miss Sigmund.
Sigmund is moderately wounded.
Sigmund barely misses you.
You hit Sigmund but do no damage.
Sigmund is moderately wounded.
Sigmund completely misses you.
You barely miss Sigmund.
Sigmund is moderately wounded.
Sigmund smiles chillingly.
Sigmund misses you.
You barely miss Sigmund.
Sigmund is moderately wounded.
Sigmund hits you with a +0 scythe.
You hit Sigmund.
Sigmund is heavily wounded.
Sigmund completely misses you.
You closely miss Sigmund.
Sigmund is heavily wounded.
You barely miss Sigmund.
Sigmund is heavily wounded.
Sigmund misses you.
You barely miss Sigmund.
Sigmund is heavily wounded.
Sigmund gestures at you while chanting. The puff of flame hits you!
Ouch! That really hurt!
You die...
Xom chuckles heartily!

#.# ##.#.##
##.#########.###.##
##...#.......## ##.#
#......######.###.##
##...#.# #.#.##
##.##.# #####)#####
......†.#
#.........#
#########
#.###r###.# #@# #@#
#.# #.# ..# ..# ...
.#.#


You could see Sigmund (strong, drained, ally target) and a friendly rat
(summoned).

Vanquished Creatures
  2 adders (D:2)
  2 worms (D:2)
  5 endoplasms
  3 giant cockroaches
  2 goblins
  A hobgoblin (D:1)
  A kobold (D:1)
  4 ball pythons (D:1)
  3 bats (D:1)
  2 frilled lizards
  7 rats
32 creatures vanquished.

Vanquished Creatures (others)
  2 plants (D:1)
2 creatures vanquished.

Grand Total: 34 creatures vanquished

Notes
Turn   | Place    | Note
-------+----------+-------------------------------------------
     0 | D:1      | dduke234 the Spriggan Chaos Knight began the quest for the
                  | Orb.
     0 | D:1      | Reached XP level 1. HP: 11/11 MP: 2/2
   149 | D:1      | XOM: divination: magic mapping
   261 | D:1      | Reached XP level 2. HP: 15/16 MP: 3/3
   485 | D:1      | Reached skill level 1 in Stealth
  1045 | D:2      | Reached skill level 4 in Short Blades
  1377 | D:2      | XOM: torment (8/16 hp)
  1520 | D:2      | XOM: 4-stop teleportation journey
  1523 | D:2      | Reached XP level 3. HP: 19/19 MP: 4/4
  1867 | D:2      | XOM: noise
  1892 | D:2      | Noticed Sigmund
  1904 | D:2      | XOM: cast spell 'Summon Small Mammal'
  1912 | D:2      | Killed from afar by Sigmund

Illustrated notes

Levels and vault maps discovered:
D:1:      dpeg_arrival_snail, layout_loops_cross, serial_forest,
          infiniplex_forest_clump_long, infiniplex_forest_straight_1,
          infiniplex_forest_clump_small, infiniplex_forest_join,
          infiniplex_forest_fountain, infiniplex_forest_clump_large,
          infiniplex_forest_diagonal, infiniplex_forest_lined_room_3
D:2:      layout_loops_corners, serial_park_tiny_1, uniq_crazy_yiuf_cottage,
          uniq_sigmund, uniq_jessica

Skill      XL: |  1  2  3 |
---------------+----------+-----
Stealth        | 1 2 |  2.1
Short Blades   | 4 |  4.5
Fighting       | |  2.4
Dodging        | |  3.9

Action                   || total
-------------------------++-------
Melee: Short sword       ||    95
  Use: Potion            ||     2
 Stab: Sleeping          ||     5
Armor: Robe              ||    12
Dodge: Dodged            ||    51

Table legend: (Time is in decaauts)
 A = Elapsed time spent in this place.
 B = Non-inter-level travel time spent in this place.
 C = Inter-level travel time spent in this place.
 D = Time resting spent in this place.
 E = Time spent auto-exploring this place.
 F = Levels seen in this place.
 G = Mean time per level.
                   A        B        C        D        E       F      G
               +--------+--------+--------+--------+--------+-----+--------+
         Total |   1443 |   1437 |      6 |      0 |   1273 |   2 |  721.5 |
       Dungeon |   1443 |   1437 |      6 |      0 |   1273 |   2 |  721.5 |
               +--------+--------+--------+--------+--------+-----+--------+

Top non-repeatable levels by time:
     D:2: 767 daAuts
     D:1: 676 daAuts
